 Dungeon Crawl Stone Soup version 0.24.0-41-g2ae2f7f1be (console) character file.

Game seed: 8120638270400227867, levelgen mode: deterministic

107 Kagalorn the Ruffian (level 4, 0/36 HPs)
             Began as a Draconian Transmuter on Dec 9, 2019.
             Slain by Robin
             ... wielding a +0 club
              (8 damage)
             ... on level 2 of the Dungeon.
             The game lasted 00:05:06 (2286 turns).

Kagalorn the Ruffian (Draconian Transmuter)         Turns: 2286, Time: 00:05:06

Health: 0/36       AC:  6    Str: 12    XL:     4   Next: 57%
Magic:  7/7        EV: 12    Int: 15    God:
Gold:   196        SH:  0    Dex: 11    Spells: 6/7 levels left

rFire    . . .     SeeInvis .     - Unarmed
rCold    . . .     Gourm    .   (no shield)
rNeg     . . .     Faith    .   (armour unavailable)
rPois    .         Spirit   .   (helmet restricted)
rElec    .         Reflect  .   f - +0 cloak
rCorr    .         Harm     .   (no gloves)
MR       .....                  (boots currently unavailable)
Stlth    +.........             (no amulet)
HPRegen  0.12/turn              (no ring)
MPRegen  0.10/turn              (no ring)

@: lethally poisoned (0 -> -2), appendage (expiring)
A: unfitting armour, talons 3, cold-blooded, AC +5
a: End Transformation


You were on level 2 of the Dungeon.
You were not hungry.
You had grown temporary talons.
You visited 1 branch of the dungeon, and saw 3 of its levels.

You collected 196 gold pieces.

Inventory:

Armour
 f - a +0 cloak (worn)
 h - a +0 buckler
Scrolls
 a - 4 scrolls of identify {unknown}
 b - 3 scrolls of fog {unknown}
 d - 2 scrolls of immolation {unknown}
 e - a scroll of enchant armour {unknown}
 k - a scroll of random uselessness {unknown}
 l - 2 scrolls of teleportation {unknown}
Potions
 g - a potion of agility {unknown}
 i - a potion of heal wounds {unknown}
 j - a potion of brilliance {unknown}
Comestibles
 c - 3 rations


   Skills:
 * Level 2.2 Fighting
 - Level 1.7 Dodging
 * Level 5.1 Unarmed Combat
 - Level 2.0 Spellcasting
 - Level 2.0 Transmutations


You had 6 spell levels left.
You knew the following spells:

 Your Spells              Type           Power        Failure   Level  Hunger
a - Beastly Appendage     Tmut           #.....       10%         1    #......

Your spell library contained the following spells:

 Spells                   Type           Power        Failure   Level  Hunger
 Sticks to Snakes         Tmut           #.......     14%         2    ###....
 Spider Form              Tmut/Pois      #.........   41%         3    ###....
 Ice Form                 Ice/Tmut       #.......     82%         4    #####..
 Blade Hands              Tmut           #.........   95%         5    ######.


Dungeon Overview and Level Annotations

Branches:
Dungeon (3/15)

Altars:
Yredelemnul
The Shining One

Annotations:
D:2 Robin
D:3 Ijyb


Innate Abilities, Weirdness & Mutations

Your plain brown scales are hard. (AC +5)
You cannot fit into any form of body armour.
You are cold-blooded and may be slowed by cold attacks.
You have claws for feet.


Message History

You hit the hobgoblin.
You kill the hobgoblin!
You hit Robin but do no damage.
Your tail-slap misses Robin.
Robin is heavily wounded.
Your transformation is almost over.
Robin hits you but does no damage.
You barely miss Robin.
Robin is heavily wounded.
You feel sick. Robin hits you with a +0 club.
You hit Robin but do no damage.
Robin is heavily wounded.
Robin's bangles clink loudly.
Robin hits you with a +0 club.
* * * LOW HITPOINT WARNING * * *
You barely miss Robin. You claw Robin.
Robin is severely wounded.
You hit Robin.
Robin is almost dead.
Robin hits you with a +0 club!
You die...

#.# #......########
#.# #...#### # #.#
#.### ######## #.# #.#
#°.☼.○.# #.# ####.###
#._....' #.###>.....#
#○.☼.☼.# #....[.....#
########
#####g##...###########
#@##..............
#.................
#.................
#..............###
#.....######...###
##....# #......
####....# #......
#.......# ##.....
#.......# #.....


You could see Robin.

Vanquished Creatures
  5 adders
  An ooze (D:1)
  A worm (D:3)
  A dart slug (D:3)
  A leopard gecko (D:2)
  An orc (D:2)
  2 ball pythons
  2 giant cockroaches
  9 goblins
  6 hobgoblins
  3 jackals (D:3)
  4 bats
  4 frilled lizards
  7 kobolds
  8 rats
55 creatures vanquished.

Vanquished Creatures (others)
  A hobgoblin (D:3)
1 creature vanquished.

Grand Total: 56 creatures vanquished

Notes
Turn   | Place    | Note
-------+----------+-------------------------------------------
     0 | D:1      | Kagalorn the Draconian Transmuter began the quest for the
                  | Orb.
     0 | D:1      | Reached XP level 1. HP: 16/16 MP: 3/3
   449 | D:1      | Reached XP level 2. HP: 20/23 MP: 3/5
   795 | D:2      | Reached skill level 4 in Unarmed Combat
   795 | D:2      | Reached XP level 3. HP: 27/29 MP: 4/6
  1045 | D:2      | Found a glowing golden altar of the Shining One.
  1056 | D:2      | Found a basalt altar of Yredelemnul.
  1262 | D:2      | Noticed an angel
  1297 | D:2      | Reached XP level 4. HP: 36/36 MP: 5/7
  1308 | D:3      | Noticed Ijyb
  1508 | D:3      | Noticed Robin
  2244 | D:3      | Reached skill level 5 in Unarmed Combat
  2286 | D:2      | Slain by Robin

Levels and vault maps discovered:
D:1:      wheals_arrival_shading, layout_rooms, hex_intersection
D:2:      layout_basic, grunt_temple_overflow_holy_war, minmay_stone_trees_small
D:3:      layout_rooms, minmay_vboxes, uniq_crazy_yiuf_cottage, uniq_robin,
          uniq_ijyb

Skill      XL: |  1  2  3  4 |
---------------+-------------+-----
Unarmed Combat | 4 5 |  5.1
Fighting       | 2 |  2.2
Dodging        | |  1.7
Spellcasting   | |  2.0
Transmutations | |  2.0

Action                   |  1- 3 |  4- 6 || total
-------------------------+-------+-------++-------
Melee: Unarmed           |   127 |    68 ||   195
       Kick              |     9 |    10 ||    19
       Tailslap          |     9 |     4 ||    13
       Headbutt          |     3 |     2 ||     5
       Punch             |     4 |     2 ||     6
 Cast: Beastly Appendage |    16 |    11 ||    27
  Eat: Chunk             |     1 |     4 ||     5
Armor: Skin              |    33 |    26 ||    59
Dodge: Dodged            |    78 |    64 ||   142
